 Dungeon Crawl Stone Soup version 0.29.0-4-gdea44cf6ec (webtiles) character file.

Game seed: 5965985765620580477

77 qw the Chopper (level 4, 0/23 (26) HPs)
             Began as a Tengu Warper on Aug 28, 2022.
             Slain by a goblin
             ... wielding a +0 club
             ... led by Robin
              (3 damage)
             ... on level 3 of the Dungeon.
             The game lasted 00:00:13 (2489 turns).

qw the Chopper (Tengu Warper)                       Turns: 2489, Time: 00:00:13

HP:   0/23 (26)     AC: 11    Str: 14    XL:     4   Next: 33%
MP:   8/8           EV:  4    Int: 13    God:
Gold: 104           SH:  0    Dex: 13    Spells: 7/7 levels left

rFire   . . .      SeeInvis .   Y - +0 hand axe
rCold   . . .      Faith    .   (no shield)
rNeg    . . .      Spirit   .   g - +0 plate armour
rPois   .          Reflect  .   (helmet restricted)
rElec   .          Harm     .   (no cloak)
rCorr   .          Rampage  .   (no gloves)
Will    .....                   (boots unavailable)
Stlth   ..........              (no amulet)
HPRegen 0.07/turn               (no ring)
MPRegen 0.11/turn               (no ring)

@: brilliant, heavily drained
A: beak, talons 3
a: no special abilities


You were on level 3 of the Dungeon.
You visited 1 branch of the dungeon, and saw 3 of its levels.

You collected 104 gold pieces.


Innate Abilities, Weirdness & Mutations

You have a beak for a mouth.
You have claws for feet.


   Skills:
 - Level 2.0 Fighting
 + Level 4.4 Axes
 - Level 1.0 Throwing
 - Level 2.2 Armour
 - Level 2.1 Dodging
 - Level 2.0 Spellcasting
 - Level 2.4 Translocations


You had 7 spell levels left.
You didn't know any spells.
Your spell library contained the following spells:

 Spells                   Type           Power      Damage    Failure   Level
 Blink                    Tloc           22%        N/A       100%        2
 Gell's Gravitas          Tloc           11%        N/A       100%        3
 Lesser Beckoning         Tloc           11%        N/A       100%        3
 Teleport Other           Tloc           11%        N/A       100%        3
 Manifold Assault         Tloc           11%        N/A       100%        5

Inventory:

Hand Weapons
 a - a +0 flail
 Y - a +0 hand axe (weapon)
Armour
 g - a +0 plate armour (worn)
Scrolls
 i - 2 scrolls of identify
Potions
 f - 4 potions of curing
 h - a potion of cancellation

Dungeon Overview and Level Annotations

Branches:
Dungeon (3/15)

Altars:
Sif Muna

Annotations:
D:3 Robin


Message History

The hobgoblin hits you.
The goblin hits you but does no damage. x2
You hit the hobgoblin but do no damage. You claw the hobgoblin.
You kill the hobgoblin!
You closely miss the goblin. x2; You completely miss the hobgoblin.
You barely miss the goblin. You hit the goblin.
You kill the goblin!
The goblin barely misses you. Robin hits you but does no damage.
The goblin hits you with a +0 club.
The hobgoblin hits you but does no damage.
The goblin barely misses you.
You hit the goblin but do no damage.
The goblin is severely wounded.
You completely miss the goblin. You hit the hobgoblin but do no damage.
You closely miss the goblin. The goblin closely misses you.
Robin hits you but does no damage. The goblin barely misses you.
The hobgoblin hits you but does no damage.
The goblin hits you but does no damage.
You closely miss the goblin. You claw the goblin.
You kill the goblin!
You barely miss the goblin. You hit the hobgoblin but do no damage.
You closely miss the goblin. The goblin hits you with a +0 dagger.
Robin hits you but does no damage. The goblin hits you with a +0 club.
The hobgoblin barely misses you.
You hit the goblin. Your peck misses the goblin.
The goblin is severely wounded.
You hit the goblin. You closely miss the hobgoblin.
The goblin no longer looks unusually strong.
The goblin hits you but does no damage.
Robin roars a battlecry!
The goblin goes into a battle-frenzy!
The goblin hits you but does no damage.
The hobgoblin hits you but does no damage.
You closely miss the goblin. Your peck misses the goblin.
The goblin is severely wounded.
You hit the hobgoblin but do no damage. You closely miss the goblin.
The goblin hits you but does no damage.
Robin says, "My army is invincible!"
Robin barely misses you. The goblin hits you with a +0 club.
You die...

##+###......
..........##
..........#
.........#.
#..$...?...
#..g......
####.#..ggg##
.......<@g..+
..#######).##
..# #.# .# ..
.. ..


You could see Robin, a hobgoblin (strong) and 3 goblins.

Vanquished Creatures
  2 adders (D:2)
  A worm (D:2)
  A dart slug (D:2)
  5 bats
  8 endoplasms
  2 giant cockroaches
  11 goblins
  3 hobgoblins
  A quokka (D:2)
  2 ball pythons (D:1)
  4 frilled lizards
  3 kobolds (D:1)
  7 rats
50 creatures vanquished.

Notes
Turn   | Place    | Note
-------+----------+-------------------------------------------
     0 | D:1      | qw the Tengu Warper began the quest for the Orb.
     0 | D:1      | Reached XP level 1. HP: 12/12 MP: 4/4
     0 | D:1      | 0 ||| qw: Version: 0.1-a-89-g26bdef1
     0 | D:1      | 0 ||| qw: Game counter: 1613
     0 | D:1      | 0 ||| qw: Always use a shield: true
     0 | D:1      | 0 ||| qw: God list: Okawaru
     0 | D:1      | 0 ||| qw: Allow faded altars: false
     0 | D:1      | 0 ||| qw: Do Orc after D:15 true
     0 | D:1      | 0 ||| qw: Do second Lair branch before Depths: true
     0 | D:1      | 0 ||| qw: Lair rune preference: random
     0 | D:1      | 0 ||| qw: Plans: Normal
     0 | D:1      | 0 ||| PLANNING D:1-11
     5 | D:1      | 5 ||| Stepping ~*~*~tactically~*~*~ (stealth).
   206 | D:1      | Reached XP level 2. HP: 17/17 MP: 6/6
   231 | D:1      | Reached skill level 3 in Axes
   586 | D:1      | Found a faded altar of an unknown god.
   757 | D:1      | 757 ||| DROPPING +0 club.
   806 | D:1      | Reached XP level 3. HP: 20/21 MP: 7/7
  1144 | D:1      | 1144 ||| UPGRADING to +0 plate armour.
  1154 | D:1      | 1154 ||| DROPPING +0 leather armour.
  1155 | D:1      | 1155 ||| READING scroll labelled HIEBAF UNGUM.
  1160 | D:1      | 1160 ||| READING 3 scrolls labelled ZYFIYN ZISK.
  1161 | D:1      | 1161 ||| DRINKING 3 metallic puce potions.
  1162 | D:1      | 1162 ||| READING 2 scrolls of identify.
  1162 | D:1      | 1162 ||| IDENTIFYING bubbling cyan potion
  1163 | D:1      | 1163 ||| DROPPING scroll of blinking.
  1164 | D:1      | 1164 ||| DROPPING potion of degeneration.
  1294 | D:2      | 1294 ||| DROPPING +0 whip.
  1299 | D:2      | Found a shimmering blue altar of Sif Muna.
  1361 | D:2      | Reached skill level 4 in Axes
  1723 | D:2      | 1723 ||| Stepping ~*~*~tactically~*~*~ (stealth).
  1725 | D:2      | 1725 ||| Stepping ~*~*~tactically~*~*~ (hiding).
  1928 | D:2      | Reached XP level 4. HP: 8/23 MP: 8/8
  1930 | D:2      | HP: 5/23 [poisoned by an adder]
  2433 | D:2      | 2433 ||| READING scroll labelled RISHRE ROBOAM.
  2434 | D:2      | 2434 ||| DRINKING 2 white potions.
  2435 | D:2      | 2435 ||| READING 4 scrolls of identify.
  2435 | D:2      | 2435 ||| IDENTIFYING viscous white potion
  2436 | D:2      | 2436 ||| READING 3 scrolls of identify.
  2436 | D:2      | 2436 ||| IDENTIFYING orange potion
  2437 | D:2      | 2437 ||| DROPPING potion of lignification.
  2438 | D:2      | 2438 ||| DROPPING potion of brilliance.
  2470 | D:3      | 2470 ||| Stepping ~*~*~tactically~*~*~ (stealth).
  2472 | D:3      | Noticed Robin
  2487 | D:3      | HP: 3/23 [goblin/+0 club[Robin] (6)]
  2489 | D:3      | Slain by a goblin

Levels and vault maps discovered:
D:1:      sevenhm_arrival_forest_fort_small_6, layout_basic,
          dreamdust_ecumenical_altar_angels_and_demons
D:2:      layout_loops_ring, basic_altar, minmay_octomino_c4
D:3:      layout_basic, led_sif_pool, led_xom_imps, tso_oasis_becter,
          kennysheep_generic_room_12, uniq_robin, uniq_crazy_yiuf_cottage,
          uniq_jessica

Skill      XL: |  1  2  3 |
---------------+----------+-----
Axes           | 3 4 |  4.4
Armour         | 2 |  2.2
Fighting       | |  2.0
Throwing       | |  1.0
Dodging        | |  2.1
Spellcasting   | |  2.0
Translocations | |  2.4

Action                   |  1- 3 |  4- 6 || total
-------------------------+-------+-------++-------
Melee: Hand axe          |    97 |    21 ||   118
       Kick              |    24 |     6 ||    30
       Peck              |    12 |     1 ||    13
Throw: Boomerang         |     7 |       ||     7
  Use: Scroll            |     3 |     3 ||     6
       Potion            |     1 |     1 ||     2
Armor: Leather armour    |    16 |       ||    16
       Plate armour      |    19 |    32 ||    51
Dodge: Dodged            |    40 |    10 ||    50

Table legend:
 A = Non-vault XP
 B = Vault XP
 C = Vault XP percentage of total XP
 D = Non-vault monster count
 E = Vault monster count
 F = Vault count percentage of total count
                 A         B        C        D         E       F
            +---------+---------+-------+---------+---------+-------
      Total |      71 |      39 |  35.5 |      36 |      14 |  28.0
            +---------+---------+-------+---------+---------+-------
        D:1 |      35 |       0 |   0.0 |      24 |       0 |   0.0
        D:2 |      36 |      24 |  40.0 |      12 |       6 |  33.3
        D:3 |       0 |      15 | 100.0 |       0 |       8 | 100.0
            +---------+---------+-------+---------+---------+-------
